 Dungeon Crawl Stone Soup version 0.29.1-12-g30fa7ad0bf (webtiles) character file.

Game seed: 2637193706725164974

154 styxcanada the Covert (level 5, -3/26 HPs)
             Began as a Spriggan Brigand on Dec 14, 2022.
             Slain by an iron imp (8 damage)
             ... on level 3 of the Dungeon on Dec 15, 2022.
             The game lasted 00:12:15 (3647 turns).

styxcanada the Covert (Spriggan Brigand)            Turns: 3647, Time: 00:12:15

Health: -3/26      AC:  3    Str:  7    XL:     5   Next: 13%
Magic:  15/15      EV: 18    Int: 13    God:
Gold:   125        SH:  0    Dex: 18    Spells: 4/4 levels left

rFire   . . .      SeeInvis +   a - +2 dagger
rCold   . . .      Faith    .   (no shield)
rNeg    . . .      Spirit   .   b - +0 robe
rPois   .          Reflect  .   (helmet restricted)
rElec   .          Harm     .   c - +0 cloak
rCorr   .          Rampage  .   (gloves unavailable)
Will    .....                   (boots unavailable)
Stlth   ++++......              (no amulet)
HPRegen 0.08/turn               n - ring of magical power
MPRegen 0.14/turn               (no ring)

@: very quick
A: very small, no large weapons, unfitting armour, see invisible, speed 3
a: no special abilities


You were on level 3 of the Dungeon.
You visited 1 branch of the dungeon, and saw 3 of its levels.

You collected 125 gold pieces.

Inventory:

Hand Weapons
 a - a +2 dagger (weapon)
 t - a +0 flail of protection
Missiles
 d - 14 poisoned darts (quivered)
 e - 3 curare-tipped darts
 i - 25 stones
 l - 3 boomerangs
Armour
 b - a +0 robe (worn)
 c - a +0 cloak (worn)
Jewellery
 n - a ring of magical power (left hand)
Scrolls
 m - a scroll of magic mapping {unknown}
 o - 3 scrolls of identify {unknown}
 p - 2 scrolls of fear {unknown}
 r - a scroll of summoning {unknown}
 s - a scroll of poison {unknown}
Potions
 f - a potion of haste {unknown}
 g - 2 potions of lignification {unknown}
 h - 2 potions of flight {unknown}
 j - a potion of heal wounds {unknown}
 k - 2 potions of curing {unknown}
 q - a potion of magic {unknown}


   Skills:
 * Level 2.0 Fighting
 + Level 2.7 Short Blades
 + Level 2.4 Throwing
 * Level 3.0 Dodging
 * Level 8.2 Stealth


You had 4 spell levels left.
You didn't know any spells.
Your spell library was empty.

Dungeon Overview and Level Annotations

Branches:
Dungeon (3/15)

Altars:
Makhleb
Vehumet

Shops:
D:3 *


Innate Abilities, Weirdness & Mutations

You are very small and have problems with some larger weapons.
You are too small for most types of armour.
You have supernaturally acute eyesight. (SInv)
You cover ground extremely quickly. (Speed+++)


Message History

You climb downwards.
The iron imp barely misses you.
There is a stone staircase leading up here.
You hit the iron imp but do no damage. Your punch misses the iron imp.
The iron imp closely misses you.
You hit the iron imp but do no damage. You hit the iron imp but do no damage.
The iron imp barely misses you.
You hit the iron imp but do no damage.
The iron imp hits you but does no damage.
You hit the iron imp.
The iron imp is lightly wounded.
The iron imp hits you.
You hit the iron imp.
The iron imp is moderately wounded.
You hit the iron imp but do no damage.
The iron imp is moderately wounded.
The iron imp misses you.
You barely miss the iron imp.
The iron imp is moderately wounded.
The iron imp hits you.
You hit the iron imp.
The iron imp is moderately wounded.
The iron imp closely misses you.
You hit the iron imp.
The iron imp is heavily wounded.
You closely miss the iron imp.
The iron imp is heavily wounded.
The iron imp barely misses you.
You hit the iron imp but do no damage.
The iron imp is heavily wounded.
The iron imp hits you!
You hit the iron imp but do no damage.
The iron imp is heavily wounded.
You hit the iron imp but do no damage.
The iron imp is heavily wounded.
The iron imp hits you!
* * * LOW HITPOINT WARNING * * *
You hit the iron imp but do no damage.
The iron imp is heavily wounded.
The iron imp hits you!
You die...

#.......##).......∩.....# #.
#.......#.......##......#####.
####.####.......##.........###
#. ##.......##......##.### ..
##..>.............##...# #.#
#.........##......####..
#..#.......#####.#.....#.
#.##.....5....##.......). #..
##.?.@.###..#.......## ..
#....## ##........... #.####
##.......... ####.#####
#.........# #........#
#.........# #........#
#.........# #..†.....#
#.....5..†# #........#
#.........# #........#
#..........


You could see an iron imp.

Vanquished Creatures
  An iron imp (D:3)
  An orc wizard (D:3)
  3 adders
  A dart slug (D:2)
  4 orcs (D:3)
  10 bats
  8 endoplasms
  A giant cockroach (D:3)
  4 goblins
  4 hobgoblins
  12 kobolds
  5 quokkas
  6 ball pythons
  4 frilled lizards
  4 rats
68 creatures vanquished.

Notes
Turn   | Place    | Note
-------+----------+-------------------------------------------
     0 | D:1      | styxcanada the Spriggan Brigand began the quest for the
                  | Orb.
     0 | D:1      | Reached XP level 1. HP: 10/10 MP: 2/2
    14 | D:1      | Reached skill level 6 in Stealth
   184 | D:1      | Reached XP level 2. HP: 14/14 MP: 3/3
   237 | D:1      | Found a faded altar of an unknown god.
  1021 | D:2      | Reached skill level 7 in Stealth
  1199 | D:2      | Reached XP level 3. HP: 16/18 MP: 4/4
  2264 | D:3      | Found a faded altar of an unknown god.
  2270 | D:3      | Found a radiant altar of Vehumet.
  2468 | D:3      | Identified the +5 chain mail of the Forest {Will++ Int+7
                  | SInv}
  2516 | D:3      | Reached XP level 4. HP: 7/23 MP: 5/5
  2764 | D:3      | Found Maganur's General Store.
  2967 | D:3      | Reached skill level 8 in Stealth
  3219 | D:3      | Found a burning altar of Makhleb.
  3255 | D:3      | Reached XP level 5. HP: 10/26 MP: 6/6
  3257 | D:3      | HP: 1/26 [iron imp (10)]
  3647 | D:3      | Slain by an iron imp

Illustrated notes

Levels and vault maps discovered:
D:1:      dpeg_arrival_connections, layout_rooms,
          hellmonk_ecumenical_altar_crossroads, corexii_corridor_pit
D:2:      layout_basic
D:3:      layout_rooms, demons_altar, nicolae_overflow_ecumenical_swirl,
          serial_shops, shop, minmay_misc_feat_x, st_stairs_2

Skill      XL: |  1  2  3  4 |
---------------+-------------+-----
Stealth        | 6 7 8 |  8.2
Dodging        | 2 3 |  3.0
Fighting       | 2 |  2.0
Short Blades   | |  2.7
Throwing       | |  2.4

Action                   |  1- 3 |  4- 6 || total
-------------------------+-------+-------++-------
Melee: Dagger            |   128 |    86 ||   214
       Punch             |     1 |     1 ||     2
Throw: Dart              |    12 |    20 ||    32
  Use: Scroll            |     1 |       ||     1
 Stab: Sleeping          |    18 |       ||    18
       Distracted        |     1 |       ||     1
Armor: Robe              |    18 |     7 ||    25
Dodge: Dodged            |    97 |    58 ||   155
